ESL (28 & UNDER)
WILMINGTON REBELS @ INTERCOURSE AMISH
09/30/2029
 
TOP OF THE 1ST
Wilmington Rebels batting - Pitching for Intercourse Amish : LHP Sloan Sanders
Pitching: LHP Sloan Sanders
Batting: RHB Marlon Hernández 0-0: Ball
1-0: Ground out 4-3 (Groundball, 4M)
Batting: RHB Pedro Zavala 0-0: Foul Ball, location: 2F
0-1: Called Strike
0-2: Strikes out swinging
Batting: LHB Guillermo Santos 0-0: Foul Ball, location: 2F
0-1: Swinging Strike
0-2: Strikes out looking
Top of the 1st over - 0 runs, 0 hits, 0 errors, 0 left on base; Wilmington 0 - Intercourse 0
BOTTOM OF THE 1ST
Intercourse Amish batting - Pitching for Wilmington Rebels : LHP Tomás Prieto
Pitching: LHP Tomás Prieto
Batting: LHB Dave Reynolds 0-0: Called Strike
0-1: Called Strike
0-2: Strikes out looking
Batting: SHB Ralph Robison 0-0: Ball
1-0: Ball
2-0: Called Strike
2-1: Ball
3-1: Base on Balls
Batting: LHB Caleb Hall 0-0: Ball
1-0: Foul Ball, location: 2F
1-1: Ball
2-1: Foul Ball, location: 2F
2-2: SINGLE (Flyball, 78S)
Ralph Robison to second
Batting: RHB Juan Estrada 0-0: Ball
1-0: Ball
2-0: SINGLE (Groundball, 56D)
Ralph Robison to third
Caleb Hall to second
Runner from 3rd tries for Home, SAFE, no throw
Batting: RHB Mitsuoki Taguchi 0-0: Ball
1-0: Ball
2-0: Foul Ball, location: 2F
2-1: Ball
3-1: Base on Balls
Caleb Hall to third
Juan Estrada to second
Batting: LHB Tony O'Bryan 0-0: Fly out, F9 (Flyball, 9)
Runner from 3rd tags up, OUT at HOME
Bottom of the 1st over - 1 run, 2 hits, 0 errors, 2 left on base; Wilmington 0 - Intercourse 1
TOP OF THE 2ND
Wilmington Rebels batting - Pitching for Intercourse Amish : LHP Sloan Sanders
Batting: RHB Henry Dawson 0-0: Called Strike
0-1: Ground out 6-3 (Groundball, 56)
Batting: RHB Mitchell Pate 0-0: Ball
1-0: Swinging Strike
1-1: Hit by Pitch
Batting: RHB Sergio Moreno 0-0: Called Strike
0-1: Foul Ball, location: 2F
0-2: Ball
1-2: Ball
2-2: Strikes out swinging
Batting: LHB Seth Sullivan 0-0: Foul Ball, location: 2F
0-1: Foul Ball, location: 2F
0-2: Ball
1-2: Foul Ball, location: 2F
1-2: SINGLE (Groundball, 6D)
Mitchell Pate to second
Batting: RHB Brian McCoy 0-0: Ground out 5-3 (Groundball, 56)
Top of the 2nd over - 0 runs, 1 hit, 0 errors, 2 left on base; Wilmington 0 - Intercourse 1
BOTTOM OF THE 2ND
Intercourse Amish batting - Pitching for Wilmington Rebels : LHP Tomás Prieto
Batting: RHB Frank Maxwell 0-0: Ball
1-0: SINGLE (Line Drive, 56)
Batting: SHB Conan Hanson 0-0: Ball
1-0: Ball
2-0: Called Strike
2-1: Ball
3-1: Base on Balls
Frank Maxwell to second
Batting: RHB Brian Stewart 0-0: Swinging Strike
0-1: Ball
1-1: Called Strike
1-2: Foul Ball, location: 2F
1-2: Ball
2-2: Foul Ball, location: 2F
2-2: Strikes out swinging
Batting: LHB Dave Reynolds 0-0: Ball
1-0: Fielders Choice at 2nd, 6-4 (Groundball, 6M)
Frank Maxwell to third
Batting: SHB Ralph Robison 0-0: Ball
1-0: Called Strike
1-1: Ball
2-1: Foul Ball, location: 2F
2-2: Strikes out looking
Bottom of the 2nd over - 0 runs, 1 hit, 0 errors, 2 left on base; Wilmington 0 - Intercourse 1
TOP OF THE 3RD
Wilmington Rebels batting - Pitching for Intercourse Amish : LHP Sloan Sanders
Batting: RHB Guillermo González 0-0: Called Strike
0-1: SINGLE (Groundball, 4MD)
Batting: RHB Marlon Hernández 0-0: Ball
1-0: Grounds into double play, 6-4-3 (Groundball, 6)
Batting: RHB Pedro Zavala 0-0: Fly out, F7 (Line Drive, 78M)
Top of the 3rd over - 0 runs, 1 hit, 0 errors, 0 left on base; Wilmington 0 - Intercourse 1
BOTTOM OF THE 3RD
Intercourse Amish batting - Pitching for Wilmington Rebels : LHP Tomás Prieto
Batting: LHB Caleb Hall 0-0: Ball
1-0: Swinging Strike
1-1: Foul Ball, location: 2F
1-2: Strikes out swinging
Batting: RHB Juan Estrada 0-0: Called Strike
0-1: Ball
1-1: Ground out 1-3 (Groundball, 13S)
Batting: RHB Mitsuoki Taguchi 0-0: Called Strike
0-1: Called Strike
0-2: Strikes out swinging
Bottom of the 3rd over - 0 runs, 0 hits, 0 errors, 0 left on base; Wilmington 0 - Intercourse 1
TOP OF THE 4TH
Wilmington Rebels batting - Pitching for Intercourse Amish : LHP Sloan Sanders
Batting: LHB Guillermo Santos 0-0: Foul Ball, location: 2F
0-1: Ball
1-1: Called Strike
1-2: DOUBLE (Line Drive, 89XD)
Batting: RHB Henry Dawson 0-0: Ground out 5-3 (Groundball, 56S)
Guillermo Santos to third
Batting: RHB Mitchell Pate 0-0: Ball
1-0: Ball
2-0: Ball
3-0: Base on Balls
Batting: RHB Sergio Moreno 0-0: Ball
1-0: Swinging Strike
1-1: Foul Ball, location: 2F
1-2: Ball
2-2: Foul Ball, location: 2F
2-2: Ground out 5-3 (Groundball, 56S)
Guillermo Santos scores
Mitchell Pate to second
Batting: LHB Seth Sullivan 0-0: Ball
1-0: Ball
2-0: Ground out 1-3 (Groundball, 13)
Top of the 4th over - 1 run, 1 hit, 0 errors, 1 left on base; Wilmington 1 - Intercourse 1
BOTTOM OF THE 4TH
Intercourse Amish batting - Pitching for Wilmington Rebels : LHP Tomás Prieto
Batting: LHB Tony O'Bryan 0-0: Foul Ball, location: 2F
0-1: Ball
1-1: Ball
2-1: Swinging Strike
2-2: Ball
3-2: Ground out 4-3 (Groundball, 4)
Batting: RHB Frank Maxwell 0-0: Foul Ball, location: 2F
0-1: Foul Ball, location: 2F
0-2: Ball
1-2: SINGLE (Groundball, 56D)
Batting: SHB Conan Hanson 0-0: Ball
1-0: Called Strike
1-1: Foul Ball, location: 2F
1-2: Ball
2-2: Foul Ball, location: 2F
2-2: Fly out, F1 (Line Drive, 13)
Batting: RHB Brian Stewart 0-0: Ball
1-0: Called Strike
1-1: Ball
2-1: Called Strike
2-2: Foul Ball, location: 2F
2-2: Fly out, F4 (Popup, 4S)
Bottom of the 4th over - 0 runs, 1 hit, 0 errors, 1 left on base; Wilmington 1 - Intercourse 1
TOP OF THE 5TH
Wilmington Rebels batting - Pitching for Intercourse Amish : LHP Sloan Sanders
Batting: RHB Brian McCoy 0-0: Called Strike
0-1: Swinging Strike
0-2: Strikes out looking
Batting: RHB Guillermo González 0-0: Called Strike
0-1: Called Strike
0-2: Foul Ball, location: 2F
0-2: Ball
1-2: Ball
2-2: Strikes out swinging
Batting: RHB Marlon Hernández 0-0: Foul Ball, location: 2F
0-1: Ball
1-1: Foul Ball, location: 2F
1-2: Strikes out swinging
Top of the 5th over - 0 runs, 0 hits, 0 errors, 0 left on base; Wilmington 1 - Intercourse 1
BOTTOM OF THE 5TH
Intercourse Amish batting - Pitching for Wilmington Rebels : LHP Tomás Prieto
Batting: LHB Dave Reynolds 0-0: Ball
1-0: Ball
2-0: Called Strike
2-1: SINGLE (Groundball, 34D)
Batting: SHB Ralph Robison 0-0: Foul Ball, location: 2F
0-1: Ball
1-1: Ball
2-1: Swinging Strike
2-2: Strikes out looking
Pitching: LHP Nathan Armstrong
Batting: LHB Caleb Hall 0-0: Ball
Dave Reynolds is caught stealing 2nd base
1-0: Called Strike
1-1: Ball
2-1: Foul Ball, location: 2F
2-2: Ball
3-2: Foul Ball, location: 2F
3-2: SOLO HOME RUN (Flyball, 9D), Distance : 385 ft
Batting: RHB Juan Estrada 0-0: Called Strike
0-1: Ball
1-1: Fly out, F8 (Flyball, 8RS)
Bottom of the 5th over - 1 run, 2 hits, 0 errors, 0 left on base; Wilmington 1 - Intercourse 2
TOP OF THE 6TH
Wilmington Rebels batting - Pitching for Intercourse Amish : LHP Sloan Sanders
Batting: RHB Pedro Zavala 0-0: Ball
1-0: SINGLE (Flyball, 7LS)
Batting: LHB Guillermo Santos 0-0: Called Strike
0-1: Swinging Strike
0-2: Strikes out swinging
Batting: RHB Henry Dawson 0-0: Ball
1-0: Foul Ball, location: 2F
1-1: Called Strike
1-2: Foul Ball, location: 2F
1-2: Ball
2-2: Ball
3-2: Base on Balls
Pedro Zavala to second
Batting: RHB Mitchell Pate 0-0: Ball
1-0: Ball
2-0: Called Strike
2-1: Ball
3-1: Grounds into double play, 5-4-3 (Groundball, 56)
Top of the 6th over - 0 runs, 1 hit, 0 errors, 1 left on base; Wilmington 1 - Intercourse 2
BOTTOM OF THE 6TH
Intercourse Amish batting - Pitching for Wilmington Rebels : LHP Nathan Armstrong
Batting: RHB Mitsuoki Taguchi 0-0: Ball
1-0: Called Strike
1-1: Swinging Strike
1-2: Strikes out swinging
Batting: LHB Tony O'Bryan 0-0: Ball
1-0: Ball
2-0: Ground out 4-3 (Groundball, 4M)
Batting: RHB Frank Maxwell 0-0: Ball
1-0: Ball
2-0: Ball
3-0: Base on Balls
Batting: SHB Conan Hanson 0-0: Ball
1-0: Ball
2-0: Ball
3-0: Base on Balls
Frank Maxwell to second
Batting: RHB Brian Stewart 0-0: Called Strike
0-1: Foul Ball, location: 2F
0-2: Ball
1-2: Strikes out looking
Bottom of the 6th over - 0 runs, 0 hits, 0 errors, 2 left on base; Wilmington 1 - Intercourse 2
TOP OF THE 7TH
Wilmington Rebels batting - Pitching for Intercourse Amish : LHP Sloan Sanders
Batting: RHB Sergio Moreno 0-0: Ball
1-0: Ball
2-0: Foul Ball, location: 2F
2-1: Ball
3-1: Foul Ball, location: 2F
3-2: Foul Ball, location: 2F
3-2: Strikes out swinging
Batting: LHB Seth Sullivan 0-0: Called Strike
0-1: Swinging Strike
0-2: Strikes out looking
Batting: RHB Brian McCoy 0-0: Ball
1-0: Swinging Strike
1-1: Swinging Strike
1-2: Ball
2-2: Ground out 6-3 (Groundball, 6)
Top of the 7th over - 0 runs, 0 hits, 0 errors, 0 left on base; Wilmington 1 - Intercourse 2
BOTTOM OF THE 7TH
Intercourse Amish batting - Pitching for Wilmington Rebels : LHP Nathan Armstrong
Batting: LHB Dave Reynolds 0-0: Swinging Strike
0-1: Fly out, F3 (Line Drive, 34)
Batting: SHB Ralph Robison 0-0: Ball
1-0: Ball
2-0: Ball
3-0: Base on Balls
Pitching: LHP Manuel Guel
Pinch Hitting: RHB Pablo Díaz 0-0: Swinging Strike
0-1: DOUBLE (Line Drive, 7D)
Ralph Robison to third
Pinch Runner at 2nd Bob Carr:
Batting: RHB Juan Estrada 0-0: Ball
1-0: Ball
2-0: Ball
3-0: Called Strike
3-1: Base on Balls
Batting: RHB Mitsuoki Taguchi 0-0: Ball
1-0: Called Strike
1-1: Ball
2-1: Grounds into fielders choice 4-2 (Groundball, 4)
Bob Carr to third
Juan Estrada to second
Pinch Hitting: RHB John Jones 0-0: Foul Ball, location: 2F
0-1: Foul Ball, location: 2F
0-2: Ball
1-2: Ball
2-2: SINGLE (Line Drive, 4MD)
Bob Carr scores
Juan Estrada to third
Mitsuoki Taguchi to second
Runner from 3rd tries for Home, SAFE, no throw
Pitching: RHP Juan Baca
Batting: RHB Frank Maxwell 0-0: Foul Ball, location: 2F
0-1: Ball
1-1: Swinging Strike
1-2: Ball
2-2: Strikes out swinging
Bottom of the 7th over - 2 runs, 2 hits, 0 errors, 2 left on base; Wilmington 1 - Intercourse 4
TOP OF THE 8TH
Wilmington Rebels batting - Pitching for Intercourse Amish : LHP Sloan Sanders
Now at 3B: Joe Zapata
Now in RF: John Jones
Batting: RHB Guillermo González 0-0: Swinging Strike
0-1: Ball
1-1: Foul Ball, location: 2F
1-2: Foul Ball, location: 2F
1-2: Reached via error on a dropped throw, E1
Batting: RHB Marlon Hernández 0-0: Called Strike
0-1: Ball
1-1: Fly out, F7 (Flyball, 78S)
Batting: RHB Pedro Zavala 0-0: Swinging Strike
0-1: Ball
1-1: Ball
2-1: Fly out, F8 (Line Drive, 78D)
Batting: LHB Guillermo Santos 0-0: Swinging Strike
0-1: Ball
1-1: Ball
2-1: SINGLE (Groundball, 34S) (infield hit)
Guillermo González to second
Batting: RHB Henry Dawson 0-0: Called Strike
0-1: Ball
1-1: Ball
2-1: Foul Ball, location: 2F
2-2: Strikes out looking
Top of the 8th over - 0 runs, 1 hit, 1 error, 2 left on base; Wilmington 1 - Intercourse 4
BOTTOM OF THE 8TH
Intercourse Amish batting - Pitching for Wilmington Rebels : RHP Juan Baca
Batting: SHB Conan Hanson 0-0: Ball
1-0: Foul Ball, location: 2F
1-1: SINGLE (Groundball, 56S) (infield hit)
Batting: RHB Brian Stewart 0-0: Foul Ball, location: 2F
0-1: Called Strike
0-2: Strikes out swinging
Pitching: LHP Alan Baca
Batting: LHB Dave Reynolds 0-0: Foul Ball, location: 2F
0-1: Ball
1-1: Ball
2-1: 2-RUN HOME RUN (Flyball, 9LD), Distance : 363 ft
Pitching: RHP William Gallegos
Batting: SHB Ralph Robison 0-0: Ball
1-0: Called Strike
1-1: Foul Ball, location: 2F
1-2: Strikes out swinging
Batting: RHB Joe Zapata 0-0: Ball
1-0: Called Strike
1-1: Ball
2-1: Ball
3-1: Base on Balls
Batting: RHB Juan Estrada 0-0: Called Strike
0-1: Swinging Strike
0-2: Ball
1-2: Strikes out swinging
Bottom of the 8th over - 2 runs, 2 hits, 0 errors, 1 left on base; Wilmington 1 - Intercourse 6
TOP OF THE 9TH
Wilmington Rebels batting - Pitching for Intercourse Amish : LHP Sloan Sanders
Now at C: Roberto Solís
Batting: RHB Mitchell Pate 0-0: Fly out, F8 (Flyball, 8RM)
Batting: RHB Sergio Moreno 0-0: Ball
1-0: Ground out 1-3 (Groundball, 13S)
Batting: LHB Seth Sullivan 0-0: Foul Ball, location: 2F
0-1: SINGLE (Groundball, 34D)
Batting: RHB Brian McCoy 0-0: Ball
1-0: Foul Ball, location: 2F
1-1: Foul Ball, location: 2F
1-2: Strikes out swinging
Top of the 9th over - 0 runs, 1 hit, 0 errors, 1 left on base; Wilmington 1 - Intercourse 6
Saturday, December 16th, 2017 - OOTP Baseball 18.8 Build 76